 Dungeon Crawl Stone Soup version 0.18.1-5-g4a78601 (webtiles) character file.

8171 PossumBlood the Cleaver (level 11, -16/87 HPs)
             Began as a Formicid Fighter on May 13, 2016.
             Was an Elder of Okawaru.
             Killed from afar by an ogre mage (28 damage)
             ... with a bolt of lightning
             ... on level 10 of the Dungeon.
             The game lasted 00:27:32 (10853 turns).

PossumBlood the Cleaver (Formicid Fighter)         Turns: 10853, Time: 00:27:33

Health: -16/87     AC: 18    Str: 28    XL:     11   Next: 50%
Magic:  11/11      EV:  5    Int: 12    God:    Okawaru [****..]
Gold:   527        SH: 18    Dex: 10    Spells: 0 memorised, 10 levels left

rFire  + . .     SeeInvis +     s - +1 hand axe (flame)
rCold  . . .     Gourm    .     I - +0 plate armour
rNeg   . . .     Faith    .     b - +0 large shield
rPois  .         Spirit   .     (helmet unavailable)
rElec  .         Dismiss  .     q - +1 cloak
rCorr  .         Reflect  .     o - +1 pair of gloves
SustAt .         Harm     .     (no boots)
MR     +....                    (no amulet)
Stlth  ..........               n - +3 ring of intelligence
                                v - ring of protection from fire

@: mighty, somewhat resistant to hostile enchantments, extremely unstealthy
A: permanent stasis, dig shafts and tunnels, four strong arms, antennae 3
a: Dig, Shaft Self, Heroism, Renounce Religion


You were on level 10 of the Dungeon.
You worshipped Okawaru.
Okawaru was greatly pleased with you.
You were not hungry.

You visited 2 branches of the dungeon, and saw 11 of its levels.
You visited the Abyss 1 time.
You also visited: Ossuary.

You collected 527 gold pieces.

Inventory:

Hand Weapons
 a - a +0 war axe
 d - a +1 antimagic scythe
 s - a +1 hand axe of flaming (weapon)
 u - a +4 quarterstaff
 w - a +1 hand axe of freezing
 E - the +9 short sword of Collusion {distort, rF++ rC- rN+ Str+4}
   (You found it on level 7 of the Dungeon)

   It warps and distorts space around it.
   Unwielding it can cause banishment or high damage.
   It affects your strength (+4).
   It greatly protects you from fire.
   It makes you vulnerable to cold.
   It protects you from negative energy.
Armour
 b - a +0 large shield (worn)
 c - a +0 shield
 o - a +1 pair of gloves (worn)
 q - a +1 cloak (worn)
 I - a +0 plate armour (worn)
Jewellery
 n - a +3 ring of intelligence (right hand)
 v - a ring of protection from fire (left hand)
Scrolls
 h - 2 scrolls of amnesia
 m - 3 scrolls of remove curse
 x - a scroll of magic mapping
Potions
 i - 3 potions of mutation
 j - a potion of cancellation {unknown}
 k - 3 potions of lignification
 l - a potion of berserk rage {unknown}
 r - 2 potions of ambrosia {unknown}
 F - 2 potions of agility {unknown}
 G - 2 potions of brilliance {unknown}
Books
 p - Vehumet's Volume of Blows and Bruises
   (You found it on level 4 of the Dungeon)

   Spells                             Type                      Level
   a - Magic Dart                     Conjuration                  1
 C - a book of Alchemy

   Spells                             Type                      Level
   a - Sublimation of Blood           Necromancy                   2
   b - Ignite Poison                  Fire/Transmutation/Poison    3
   c - Petrify                        Transmutation/Earth          4
   d - Alistair's Intoxication        Transmutation/Poison         5
   e - Irradiate                      Conjuration/Transmutation    5
Miscellaneous
 e - a stone of tremors
Comestibles
 f - a meat ration
 t - 3 bread rations


   Skills:
 - Level 8.4 Fighting
 * Level 12.3 Axes
 - Level 8.0 Armour
 - Level 9.1 Shields


You had 10 spell levels left.
You didn't know any spells.

Dungeon Overview and Level Annotations

Branches:
Dungeon (10/15)            Temple (1/1) D:7
   Lair: D:8-11         Orc: D:9-12

Altars:
Ashenzari
Cheibriados
Dithmenos
Elyvilon
Fedhas
Gozag
Kikubaaqudgha
Makhleb
Nemelex Xobeh
Okawaru
Pakellas
Qazlal
Ru
Sif Muna
Trog
Vehumet
Xom
Yredelemnul
Zin
The Shining One

Shops:
D:7 %

Annotations:
D:3 exclusion: oklob plant


Innate Abilities, Weirdness & Mutations

You are under a permanent stasis effect.
You can dig through walls and to a lower floor.
Your four strong arms can wield two-handed weapons with a shield.
You have a pair of large antennae on your head (SInv).


Message History

The ogre mage hits you but does no damage. x2
The ogre mage blocks your attack.
The ogre mage is almost dead.
The ogre mage hits you with a spear.
* * * LOW HITPOINT WARNING * * *
The ogre mage blocks your attack.
The ogre mage is almost dead.
The ogre mage blocks your attack.
The ogre mage is almost dead.
The ogre mage barely misses you.
The ogre mage hits you but does no damage.
The ogre mage blocks your attack.
The ogre mage is severely wounded.
The ogre mage hits you but does no damage.
You slash the ogre mage! You burn the ogre mage.
The ogre mage is almost dead.
You feel less confused. The ogre mage casts a spell at you.
The bolt of lightning hits you!
You die...

#######..... #. {
#....##...## ..
####.##...#. #.
##.....+. ##. {#####
##....#. { ..
#...####....#. #.
####.##(###'###.
#$##.##.##.##.##......
#....@........##......
#.##O##.##.##.##.....#
#. ####.#####.....# ..
#...# #.....# ###
##.## #.....#
#########)#####.....#
.....................
.....................
.....................


You could see an ogre mage.

Vanquished Creatures
  Erolcha (D:9)
  2 hill giants (D:10)
  Joseph (D:7)
  Prince Ribbit (D:8)
  Sigmund (D:3)
  A spriggan (D:8)
  Grum (D:8)
  2 hippogriffs
  2 hungry ghosts
  Menkaure (D:6)
  Edmund (D:4)
  3 orc warriors
  4 phantoms
  2 black bears
  3 sky beasts
  8 ogres
  3 wolves (D:8)
  2 centaurs
  A crocodile (D:9)
  8 giant frogs
  3 elf zombies (Ossuary)
  A gnoll sergeant (D:6)
  A scorpion (D:9)
  A killer bee (D:10)
  3 jellies (D:8)
  2 howler monkeys (D:8)
  2 centaur zombies
  A giant frog zombie (D:6)
  A crimson imp (D:7)
  4 hounds
  A human zombie (Ossuary)
  An orc priest (D:9)
  3 giant frog skeletons
  6 orc wizards
  A centaur skeleton (D:8)
  2 iguanas
  8 worker ants
  A killer bee zombie (D:6)
  A hound zombie (Ossuary)
  Robin (D:2)
  A hound skeleton (D:6)
  4 mummies
  A howler monkey zombie (D:4)
  A worker ant zombie (D:9)
  3 gnolls (D:6)
  2 howler monkey skeletons
  12 adders
  2 shadow imps (D:7)
  2 oozes (D:5)
  An adder skeleton (D:6)
  An adder zombie (D:6)
  A worm (D:2)
  5 dart slugs
  A giant gecko (D:4)
  19 orcs
  8 bats
  2 giant cockroaches
  12 goblins
  3 hobgoblins
  8 jackals
  3 quokkas
  2 ball pythons
  A giant gecko zombie (D:6)
  7 giant newts
  2 gnoll zombies (Ossuary)
  3 goblin zombies (Ossuary)
  6 hobgoblin zombies
  A jackal skeleton (D:4)
  4 jackal zombies (Ossuary)
  8 kobolds
  8 kobold zombies
  2 orc zombies (Ossuary)
  5 rats
  5 rat zombies (Ossuary)
  A spectral orc (D:8)
239 creatures vanquished.

Notes
Turn   | Place    | Note
--------------------------------------------------------------
     0 | D:1      | PossumBlood the Formicid Fighter began the quest for the Orb.
     0 | D:1      | Reached XP level 1. HP: 18/18 MP: 1/1
   182 | D:1      | Reached XP level 2. HP: 23/25 MP: 2/2
   879 | D:1      | Reached XP level 3. HP: 31/31 MP: 3/3
  1148 | D:2      | Found a shadowy altar of Dithmenos.
  1223 | D:2      | Noticed Robin
  1225 | D:2      | Reached skill level 5 in Fighting
  1228 | D:2      | Reached XP level 4. HP: 32/39 MP: 4/4
  1234 | D:2      | Killed Robin
  1452 | D:2      | Found an opulent altar of Gozag.
  1572 | D:3      | Noticed Sigmund
  1594 | D:3      | Killed Sigmund
  1594 | D:3      | Reached XP level 5. HP: 14/48 MP: 2/5
  1594 | D:3      | Reached XP level 6. HP: 16/55 MP: 2/6
  1602 | D:3      | HP: 1/55 [orc/trident (7)]
  2248 | D:3      | Found a stormy altar of Qazlal.
  2248 | D:3      | Found a sparkling altar of Nemelex Xobeh.
  2248 | D:3      | Found a sacrificial altar of Ru.
  2341 | D:3      | Found a blossoming altar of Fedhas.
  2354 | D:3      | Noticed an oklob plant
  2846 | D:4      | Noticed Edmund
  2899 | D:4      | Killed Edmund
  2899 | D:4      | Reached XP level 7. HP: 19/63 MP: 7/7
  3171 | D:4      | Found a radiant altar of Vehumet.
  3171 | D:4      | Found an ancient bone altar of Kikubaaqudgha.
  3173 | D:4      | Found a deep blue altar of Sif Muna.
  3179 | D:4      | Identified Vehumet's Volume of Blows and Bruises
  3428 | D:4      | Reached skill level 3 in Axes
  4098 | D:5      | Entered Level 5 of the Dungeon
  4265 | D:5      | Reached skill level 4 in Axes
  4273 | D:6      | Found a white marble altar of Elyvilon.
  4273 | D:6      | Noticed Menkaure
  4284 | D:6      | Killed Menkaure
  4284 | D:6      | Reached skill level 5 in Axes
  4284 | D:6      | Reached XP level 8. HP: 20/69 MP: 8/8
  4540 | D:6      | Found a shattered altar of Ashenzari.
  4619 | D:6      | Reached skill level 6 in Axes
  4892 | D:6      | Reached skill level 7 in Axes
  5406 | D:6      | Reached XP level 9. HP: 64/75 MP: 9/9
  5562 | D:6      | Reached skill level 5 in Armour
  5846 | D:7      | Found Xoem's Food Shoppe.
  6047 | D:7      | Found a sand-covered staircase.
  6057 | Ossuary  | Entered an ossuary
  6467 | D:7      | Found a staircase to the Ecumenical Temple.
  6483 | Temple   | Entered the Ecumenical Temple
  6512 | Temple   | Became a worshipper of Warmaster Okawaru
  6745 | D:7      | Noticed Joseph
  6766 | D:7      | Killed Joseph
  6766 | D:7      | Reached skill level 5 in Shields
  6964 | D:7      | Found a stormy altar of Qazlal.
  7044 | D:7      | Got a brightly glowing short sword
  7045 | D:7      | Identified the +9 short sword of Collusion {distort, rF++ rC- rN+ Str+4} (You found it on level 7 of the Dungeon)
  7493 | D:8      | Reached * piety under Okawaru
  7502 | D:8      | Reached XP level 10. HP: 78/82 MP: 10/10
  7618 | D:8      | Noticed Prince Ribbit
  7620 | D:8      | Found an iron altar of Okawaru.
  7772 | D:8      | Reached ** piety under Okawaru
  7949 | D:8      | Noticed Grum
  7970 | D:8      | Killed Grum
  7978 | D:8      | Reached skill level 8 in Axes
  8341 | D:8      | Found a basalt altar of Yredelemnul.
  8535 | D:8      | Killed Prince Ribbit
  8870 | D:8      | Found a bloodstained altar of Trog.
  9008 | D:9      | Reached skill level 9 in Axes
  9422 | D:9      | Noticed Erolcha
  9430 | D:9      | Cast into level 2 of the Abyss (Erolcha)
  9433 | Abyss:2  | Noticed a starcursed mass
  9452 | D:9      | Escaped the Abyss
  9461 | D:9      | Killed Erolcha
  9461 | D:9      | Reached *** piety under Okawaru
  9461 | D:9      | Reached skill level 10 in Axes
  9482 | D:9      | Reached XP level 11. HP: 67/87 MP: 11/11
 10060 | D:10     | Entered Level 10 of the Dungeon
 10317 | D:10     | Reached skill level 11 in Axes
 10490 | D:10     | Noticed a hill giant
 10509 | D:10     | Killed a hill giant
 10630 | D:10     | Reached **** piety under Okawaru
 10688 | D:10     | Noticed a hill giant
 10710 | D:10     | Killed a hill giant
 10710 | D:10     | Reached skill level 12 in Axes
 10815 | D:10     | Noticed an ogre mage
 10853 | D:10     | Killed from afar by an ogre mage

Skill      XL: |  1  2  3  4  5  6  7  8  9 10 11 |
---------------+----------------------------------+-----
Fighting       | 4 5 7 8 |  8.4
Axes           | 5 7 10 12 | 12.3
Armour         | 4 8 |  8.0
Shields        | 7 9 |  9.1

Action                   |  1- 3 |  4- 6 |  7- 9 | 10-12 || total
-------------------------+-------+-------+-------+-------++-------
Melee: War axe           |    75 |    74 |       |       ||   149
       Hand axe          |       |    73 |   475 |   432 ||   980
  Use: Potion            |     1 |       |     3 |     7 ||    11
       Scroll            |       |     5 |    10 |     4 ||    19
  Eat: Fruit             |     1 |       |       |       ||     1
       Bread ration      |       |     1 |     1 |     2 ||     4
       Royal jelly       |       |     1 |     1 |       ||     2
       Meat ration       |       |       |     2 |     2 ||     4
       Pizza             |       |       |     2 |       ||     2
       Beef jerky        |       |       |     1 |       ||     1
Armor: Scale mail        |    33 |    45 |   226 |    59 ||   363
       Plate armour      |       |       |       |    66 ||    66
Dodge: Dodged            |    21 |    46 |   135 |    75 ||   277
Block: Shield            |    43 |    87 |   226 |   110 ||   466
       Large shield      |       |       |       |   102 ||   102
